 Dungeon Crawl Stone Soup version 0.31.0-1-g2c135a008e (webtiles) character file.

Game seed: 2975728750324338947

281 qw the Shooter (level 6, -8/46 HPs)
             Began as a Djinni Hunter on Jan 24, 2024.
             Was an Initiate of Okawaru.
             Mangled by an orc warrior
             ... wielding a +0 long sword
              (18 damage)
             ... on level 4 of the Dungeon.
             The game lasted 00:00:11 (3104 turns).

qw the Shooter (Djinni Hunter)                      Turns: 3104, Time: 00:00:12

Health: -8/46      AC:  5    Str: 10    XL:     6   Next: 53%
Gold:   184        EV: 11    Int: 11    God:    Okawaru [......] SH:  0 Dex: 18

rFire   + + .        a - +2 shortbow
rCold   x . .        (shield currently unavailable)
rNeg    . . .        b - +0 ring mail
rPois   inf          (no helmet)
rElec   .            (no cloak)
rCorr   .            (no gloves)
SInv    .            (boots unavailable)
Will    +....        (no amulet)
Stlth   +            o - ring of willpower
HPRegen 0.27/turn    (no ring)
MPRegen 0.00/turn

%: infuse magic (-9 HP)
@: flying
A: sickness immunity, fire resistance 2, cold vulnerability 1, float, innate
caster, HP casting, extra vitality 1
a: Renounce Religion


You were on level 4 of the Dungeon.
You worshipped Okawaru.
Okawaru was noncommittal.
You visited 2 branches of the dungeon, and saw 5 of its levels.

You collected 184 gold pieces.


Innate Abilities, Weirdness & Mutations

You are immune to sickness and miasma.
You are immune to poison.
Your flesh is very heat resistant. (rF++)
You are vulnerable to cold. (rC-)
You float through the air rather than walking.
You learn spells naturally, not from books.
Your magical power is your life essence.
You have superior vitality. (+4 MHP)


   Skills:
 + Level 3.6 Fighting
 - Level 5.0 Ranged Weapons
 - Level 1.2 Armour
 - Level 3.2 Dodging
 - Level 0.7 Stealth


You knew the following spells:

 Your Spells              Type           Power      Damage    Failure   Level
a - Freeze                Ice            0%         1d3       65%         1
b - Momentum Strike       Conj/Tloc      0%         3d8       80%         2
Your spell library was empty.

Inventory:

Hand Weapons
 a - a +2 shortbow (weapon)
Armour
 b - a +0 ring mail (worn)
 q - a +1 helmet
Jewellery
 e - a ring of fire
 o - a ring of willpower (left hand)
Potions
 c - a potion of resistance {unknown}
 d - a potion of curing
 f - a potion of brilliance {unknown}
 g - a potion of magic {unknown}
 h - a potion of attraction {unknown}
 i - a potion of haste {unknown}
 j - a potion of might
 k - a potion of enlightenment {unknown}
 l - a potion of mutation {unknown}
 m - a potion of cancellation {unknown}
 n - a potion of degeneration {unknown}
 p - a potion of heal wounds {unknown}

Dungeon Overview and Level Annotations

Branches:
Dungeon (4/15)             Temple (1/1) D:4

Altars:
Ashenzari
Cheibriados
Dithmenos
Elyvilon
Makhleb
Nemelex Xobeh
Okawaru
Qazlal
Ru
Trog
Uskayaw
Wu Jian
Xom
Yredelemnul
Zin
The Shining One


Message History

The arrow hits the endoplasm but does no damage.
The endoplasm closely misses you.
You shoot an arrow. The arrow hits the endoplasm.
The endoplasm is moderately wounded.
The endoplasm closely misses you. x2
You shoot an arrow. The arrow hits the endoplasm.
You kill the endoplasm!
Okawaru accepts your kill.
You start resting.
An orc warrior opens the door.
It is wielding a +0 long sword.
3088 ||| FLEEEEING.
The orc warrior moves out of view.
You start resting.
An orc warrior is nearby!
3091 ||| FLEEEEING.
You start resting.
An orc warrior is nearby!
3093 ||| FLEEEEING.
3094 ||| FLEEEEING.
There is an open door here.
Items here: %% ))).
3095 ||| FLEEEEING.
3096 ||| FLEEEEING.
3097 ||| FLEEEEING.
3098 ||| FLEEEEING.
3099 ||| FLEEEEING.
There is an open door, spattered with blood here.
Things that are here:
a +0 dagger; an orc corpse
3100 ||| FLEEEEING.
You start resting.
An orc warrior is nearby!
You shoot an arrow. The arrow hits the orc warrior.
The orc warrior is moderately wounded.
The orc warrior hits you with a +0 long sword! x2
You shoot an arrow.
The arrow hits the orc warrior but does no damage.
The orc warrior is lightly wounded.
The orc warrior hits you with a +0 long sword!!
You die...

.#
#.##...#....#####|#...##..##..
.# #.#..###.##.')..#
##..###).#.. .# #.#.##
#.##.#)..#..#..# ##.... ##
#.#.# #....#...'o.#..## ###..
# #.<.# ##)###########...##
#.. # #.###
#.....#......#.#..#####. #.
#.#.#.#.#..#.#.......... ..
#...o.#......#....#####. ...
#.#.#.#@.....#....# ## ....
#.....o.#..#.#....# #....
#######...........# #####
#############


You could see an orc warrior.

Vanquished Creatures
  An orc priest (D:4)
  A gnoll bouda (D:4)
  A hound (D:4)
  A jelly (D:4)
  4 gnolls (D:4)
  2 adders
  2 dart slugs
  13 orcs
  6 ball pythons
  7 bats
  8 endoplasms
  3 giant cockroaches (D:1)
  7 goblins
  6 hobgoblins
  4 jackals (D:4)
  6 kobolds
  3 quokkas
  5 frilled lizards
  3 rats (D:1)
83 creatures vanquished.

Notes
Turn   | Place    | Note
-------+----------+-------------------------------------------
     0 | D:1      | qw the Djinni Hunter began the quest for the Orb.
     0 | D:1      | Reached XP level 1. HP: 18/18 MP: 0/0
     0 | D:1      | 0 ||| qw: Version: 0.3-a-136-gdd3b4e8
     0 | D:1      | 0 ||| qw: Game counter: 1445
     0 | D:1      | 0 ||| qw: Melee chars always use a shield: true
     0 | D:1      | 0 ||| qw: God list: Okawaru
     0 | D:1      | 0 ||| qw: Allow faded altars: false
     0 | D:1      | 0 ||| qw: Do Orc after clearing Dungeon:15 true
     0 | D:1      | 0 ||| qw: Do second Lair branch before Depths: true
     0 | D:1      | 0 ||| qw: Lair rune preference: random
     0 | D:1      | 0 ||| qw: Goals: Normal
     0 | D:1      | 0 ||| PLANNING D:1-11
   153 | D:1      | Reached XP level 2. HP: 22/23 MP: 0/0
   522 | D:1      | Reached XP level 3. HP: 21/28 MP: 0/0
   522 | D:1      | Learned a level 1 spell: Freeze
   626 | D:1      | 626 ||| UPGRADING to ring of willpower.
   627 | D:1      | 627 ||| READING scroll labelled FUOPROO VYHY.
   628 | D:1      | 628 ||| READING scroll labelled BIH RAGUM HICH.
   628 | D:1      | 628 ||| ENCHANTING +0 shortbow.
   629 | D:1      | 629 ||| READING scroll labelled EMUMOXT ZAWN.
   630 | D:1      | 630 ||| DROPPING scroll of butterflies.
   637 | D:2      | Reached skill level 4 in Ranged Weapons
  1353 | D:2      | 1353 ||| UPGRADING to +0 ring mail.
  1363 | D:2      | 1363 ||| DROPPING +0 leather armour.
  1364 | D:2      | 1364 ||| READING scroll labelled UZIARH NUOH.
  1364 | D:2      | 1364 ||| ENCHANTING +0 shortbow.
  1365 | D:2      | 1365 ||| READING scroll labelled UJEUGUGYMP.
  1573 | D:3      | Reached skill level 1 in Armour
  1573 | D:3      | Reached XP level 4. HP: 32/34 MP: 0/0
  1751 | D:3      | 1751 ||| READING scroll of enchant weapon.
  1751 | D:3      | 1751 ||| ENCHANTING +1 shortbow.
  1825 | D:3      | Reached skill level 3 in Fighting
  2408 | D:3      | 2408 ||| DRINKING 2 lumpy clear potions.
  2474 | D:4      | Reached XP level 5. HP: 40/40 MP: 0/0
  2474 | D:4      | Learned a level 2 spell: Momentum Strike
  2510 | D:4      | Found a staircase to the Ecumenical Temple.
  2511 | D:4      | 2511 ||| PLANNING TEMPLE
  2511 | D:4      | 2511 ||| DRINKING 2 grey potions.
  2521 | Temple   | Entered the Ecumenical Temple
  2521 | Temple   | Noticed a red devil
  2521 | Temple   | Noticed a Tzitzimitl
  2522 | Temple   | 2522 ||| PLANNING OKAWARU WORSHIP
  2522 | Temple   | Noticed Raed the pandemonium lord
  2522 | Temple   | Noticed Cael the pandemonium lord
  2522 | Temple   | Noticed an orange demon
  2522 | Temple   | Noticed a Brimstone Fiend
  2537 | Temple   | Became a worshipper of Warmaster Okawaru
  2538 | Temple   | 2538 ||| PLANNING D:1-11
  2551 | Temple   | Noticed Abeilan the pandemonium lord
  2789 | D:4      | Reached skill level 5 in Ranged Weapons
  2793 | D:4      | HP: 5/40 [gnoll/+1 heavy spear[a gnoll bouda] (8)]
  2794 | D:4      | HP: 1/40 [gnoll/+1 heavy spear[a gnoll bouda] (5)]
  2796 | D:4      | Reached XP level 6. HP: 1/46 MP: 0/0
  3016 | D:4      | Noticed an orc warrior
  3033 | D:4      | Reached skill level 3 in Dodging
  3088 | D:4      | 3088 ||| FLEEEEING.
  3091 | D:4      | 3091 ||| FLEEEEING.
  3093 | D:4      | 3093 ||| FLEEEEING.
  3094 | D:4      | 3094 ||| FLEEEEING.
  3095 | D:4      | 3095 ||| FLEEEEING.
  3096 | D:4      | 3096 ||| FLEEEEING.
  3097 | D:4      | 3097 ||| FLEEEEING.
  3098 | D:4      | 3098 ||| FLEEEEING.
  3099 | D:4      | 3099 ||| FLEEEEING.
  3100 | D:4      | 3100 ||| FLEEEEING.
  3103 | D:4      | HP: 9/46 [orc warrior/+0 long sword (8)]
  3104 | D:4      | Mangled by an orc warrior

Levels and vault maps discovered:
D:1:      minmay_arrival_wavy_path, layout_basic, minmay_tetromino_t2
D:2:      layout_loops_ring, chequers_serial_rivers_small_3,
          minmay_misc_feat_five
D:3:      layout_basic
D:4:      minmay_clustersquares, layout_rooms, minmay_temple_entry_junction_2
Temple:   nicolae_temple_panitentiary

Skill      XL: |  1  2  3  4  5  6 |
---------------+-------------------+-----
Ranged Weapons | 4 5 |  5.0
Armour         | 1 |  1.2
Fighting       | 3 |  3.6
Dodging        | 3 |  3.2
Stealth        | |  0.7

Action                     |  1- 3 |  4- 6 || total
---------------------------+-------+-------++-------
   Fire: Shortbow          |   106 |   127 ||   233
    Use: Scroll            |     5 |     1 ||     6
         Potion            |       |     2 ||     2
 Armour: Leather armour    |    21 |       ||    21
         Ring mail         |     4 |    43 ||    47
  Dodge: Dodged            |    24 |    47 ||    71

Table legend:
 A = Non-vault XP
 B = Vault XP
 C = Vault XP percentage of total XP
 D = Non-vault monster count
 E = Vault monster count
 F = Vault count percentage of total count
                 A         B        C        D         E       F
            +---------+---------+-------+---------+---------+-------
      Total |     282 |     120 |  29.9 |      71 |      12 |  14.5
            +---------+---------+-------+---------+---------+-------
        D:1 |      29 |       0 |   0.0 |      17 |       0 |   0.0
        D:2 |      30 |       0 |   0.0 |      19 |       0 |   0.0
        D:3 |      52 |       0 |   0.0 |      17 |       0 |   0.0
        D:4 |     171 |     120 |  41.2 |      18 |      12 |  40.0
            +---------+---------+-------+---------+---------+-------
